Saguenéens vs Gangsters

Created - May 2, 2018 at 19:04

Goals
1 2 3 T
Saguenéens 1 3 2 6
Gangsters 0 1 0 1
Shots
1 2 3 T
Saguenéens 2 9 14 25
Gangsters 15 10 13 38

1st period

1. Saguenéens , Juraj Mikus 33 (Carl Hagelin 39, Nikita Kucherov 40) at 4:54

Penalties :
Chris Bourque (Bro) for Interference (Minor) at 0:17, Patrick Sieloff (Chi) for Roughing (Minor) at 8:50, Chris Bourque (Bro) for High sticking (Minor) at 9:39

2nd period

2. Saguenéens , Carl Hagelin 31 (Nikita Kucherov 41, Luke Witkowski 31) at 0:56 (PP)
3. Saguenéens , Zac Rinaldo 31 (Carson Mcmillan 45) at 3:21
4. Gangsters , Chris Bourque 56 (Artem Anisimov 30) at 3:35
5. Saguenéens , Nikita Kucherov 54 (Carl Hagelin 40, Juraj Mikus 48) at 5:44

Penalties :
Artem Anisimov (Bro) for Hooking (Minor) at 0:21, Nikita Kucherov (Chi) for Boarding (Minor) at 6:27, Stefan Noesen (Bro) for Holding (Minor) at 8:38, Calle Andersson (Chi) for Slashing (Minor) at 11:00, Stefan Noesen (Bro) for Holding (Minor) at 18:29

3rd period

6. Saguenéens , Nikita Kucherov 55 (Juraj Mikus 49) at 4:45
7. Saguenéens , Mason Raymond 46 (Carson Mcmillan 46, Brett Lebda 36) at 5:00

Penalties :
No Penalty

Goalie Stats

Martin Jones (Chi), 37 saves from 38 shots - (0.974), W, 11-11-0, 60:00 minutes
Mike Condon (Bro), 12 saves from 14 shots - (0.857), 34:16 minutes
Dustin Tokarski (Bro), 7 saves from 11 shots - (0.636), L, 29-22-2, 25:44 minutes

Players Stats for Saguenéens

Player Name              G  A  P  +/- PIM S  H  SB GA TA FO     MP     PP MP  PK MP  
------------------------------------------------------------------------------------
Artur Gavrus             0  0  0   0  0   0  0  0  0  0  0/0     0:00   0:00   0:00 
Brett Lebda              0  1  1   2  0   0  3  1  0  5  0/0    26:47   4:19   2:54 
Brody Sutter             0  0  0   0  0   0  0  0  0  0  0/0     0:00   0:00   0:00 
Calle Andersson          0  0  0   2  2   0  0  1  0  0  0/0    10:06   0:00   0:00 
Carl Hagelin             1  2  3   3  0   4  2  0  1  0  0/0    17:16   3:39   0:00 
Carson Mcmillan          0  2  2   1  0   1  3  0  2  1  6/12   22:21   3:03   2:59 
Craig Cunningham         0  0  0   0  0   0  1  0  0  0  0/0    11:01   0:18   0:38 
Henrik Samuelsson        0  0  0   0  0   3  0  1  0  0  0/5     9:53   0:00   0:00 
Jake McCabe              0  0  0   0  0   1  1  1  0  2  0/0    22:11   3:02   1:53 
Jerry D'Amigo            0  0  0   0  0   0  1  0  0  0  0/0     7:35   0:05   0:00 
Juraj Mikus              1  2  3   3  0   1  1  1  0  1  5/13   17:16   3:39   0:00 
Luke Witkowski           0  1  1   2  0   3  0  0  0  0  0/0    24:15   4:19   2:54 
Mason Raymond            1  0  1   1  0   3  1  1  1  0  0/0    22:46   3:24   2:59 
Mikhail Grigorenko       0  0  0   0  0   1  0  0  0  0  2/3     7:38   0:00   0:20 
Nicholas Walters         0  0  0   0  0   0  0  0  0  0  0/0     3:34   0:00   0:00 
Nick Mattson             0  0  0   0  0   2  2  1  0  0  0/0    22:05   3:02   1:53 
Nikita Kucherov          2  2  4   3  2   3  3  0  1  1  0/0    18:37   3:39   0:46 
Patrick Sieloff          0  0  0   2  2   0  0  2  0  1  0/0    11:22   0:21   0:00 
Rhett Rakhshani          0  0  0   0  0   1  0  0  0  0  0/0    10:58   0:39   0:00 
Tanner Richard           0  0  0   0  0   0  0  0  0  0  0/0     0:00   0:00   0:00 
Teemu Pulkkinen          0  0  0   0  0   0  0  0  1  0  0/1     8:00   0:00   0:42 
Zac Rinaldo              1  0  1   1  0   2  3  0  0  0  8/27   20:19   3:16   1:10 

Players Stats for Gangsters

Player Name              G  A  P  +/- PIM S  H  SB GA TA FO     MP     PP MP  PK MP  
------------------------------------------------------------------------------------
Artem Anisimov           0  1  1  -1  2   6  2  4  0  2  20/31  22:51   2:37   3:31 
Brendan Woods            0  0  0  -1  0   2  2  0  0  0  1/1     9:49   0:00   2:01 
Chris Bourque            1  0  1  -1  4   6  4  1  3  0  0/1    21:20   2:36   2:47 
Colten Teubert           0  0  0  -1  0   2  3  4  1  0  0/0    28:22   3:11   4:18 
Dave Dziurzynski         0  0  0  -2  0   4  1  0  0  0  1/2    14:42   2:10   0:00 
Derrick Pouliot          0  0  0  -1  0   0  0  0  0  0  0/0    11:23   0:00   0:00 
Devante Smith-Pelly      0  0  0  -2  0   3  2  0  2  0  0/0    14:42   2:10   0:00 
Jonas Brodin             0  0  0  -1  0   0  0  0  0  0  0/0    11:23   0:00   0:00 
Magnus Paajarvi-Svensson 0  0  0   0  0   3  2  1  2  0  1/1    14:24   0:00   1:07 
Maxime Sauvé             0  0  0  -2  0   3  0  0  1  0  14/17  17:00   2:10   2:05 
Michael Sdao             0  0  0  -2  0   0  2  2  0  3  0/0    20:15   1:36   3:03 
Morgan Ellis             0  0  0  -2  0   1  0  1  0  0  0/0    20:15   1:36   3:03 
Patrik Nemeth            0  0  0  -1  0   1  1  3  2  1  0/0    28:22   3:11   4:18 
Richard Panik            0  0  0  -1  0   2  2  1  0  0  0/0    18:45   2:37   2:05 
Sebastian Collberg       0  0  0  -1  0   1  0  1  0  0  0/0     7:03   0:00   0:00 
Seth Griffith            0  0  0  -1  0   1  0  0  0  0  0/1     7:03   0:00   0:00 
Stefan Noesen            0  0  0   0  4   0  0  1  0  0  0/0    11:07   0:00   0:00 
Tomas Hertl              0  0  0   0  0   3  1  0  0  0  3/7    12:38   0:00   1:06 

3 Stars

1 - Nikita Kucherov (Chi)
2 - Carl Hagelin (Chi)
3 - Juraj Mikus (Chi)

Power Play

Saguenéens - 1 on 5 Attempt(s) - 20.00%
Gangsters - 0 on 3 Attempt(s) - 0.00%

Penalty Kill

Saguenéens - 3 on 3 Attempt(s) - 100.00% - Score 0 goal in Penalty Kill
Gangsters - 4 on 5 Attempt(s) - 80.00% - Score 0 goal in Penalty Kill

Team Stat

Saguenéens - Hits : 21 - Faceoff Wins : 21 - Blocked Shots : 9 - Penalty Minutes : 6
Gangsters - Hits : 22 - Faceoff Wins : 40 - Blocked Shots : 19 - Penalty Minutes : 10

Official

Referees : Auger Stephane and Dwyer Gord
Linesman : Jonny Murray and Bryan Pancich

Game Notes

4:03 of 1st period - Gangsters goal is going for a video replay. After video review, No Goal. The net was displaced accidentally.
Mike Condon enters game at 5:44 of 2nd period

Finance

Level 1 -- Attendance: 1637 (81.85%) -- Ticket Income $65,480
Level 2 -- Attendance: 699 (69.90%) -- Ticket Income $13,980
Total Attendance: 2336 (77.87%)
Total Ticket Income: $79,460
Other Income: $3,973
Total Income: $83,433

Saguenéens

5 vs 5 Forward 
   Center                   Left Wing                Right Wing               Time % Phy DF OF 
 1 Zac Rinaldo              Mason Raymond            Carson Mcmillan          40     1   2  2  
 2 Juraj Mikus              Carl Hagelin             Nikita Kucherov          30     1   2  2  
 3 Henrik Samuelsson        Craig Cunningham         Rhett Rakhshani          20     1   2  2  
 4 Mikhail Grigorenko       Teemu Pulkkinen          Jerry D'Amigo            10     1   2  2  

5 vs 5 Defense 
   Defense                  Defense                                           Time % Phy DF OF 
 1 Brett Lebda              Luke Witkowski                                    40     1   2  2  
 2 Jake McCabe              Nick Mattson                                      30     1   2  2  
 3 Patrick Sieloff          Calle Andersson                                   20     1   2  2  
 4 Nicholas Walters         Brett Lebda                                       10     1   2  2  

PowerPlay Forward 
   Center                   Left Wing                Right Wing               Time % Phy DF OF 
 1 Zac Rinaldo              Mason Raymond            Carson Mcmillan          60     1   2  2  
 2 Juraj Mikus              Carl Hagelin             Nikita Kucherov          40     1   2  2  

PowerPlay Defense
   Defense                  Defense                                           Time % Phy DF OF 
 1 Brett Lebda              Luke Witkowski                                    60     1   2  2  
 2 Jake McCabe              Nick Mattson                                      40     1   2  2  

Penalty Kill 4 Players Forward 
   Center                   Wing                     Time % Phy DF OF 
 1 Carson Mcmillan          Mason Raymond            60     1   2  2  
 2 Nikita Kucherov          Zac Rinaldo              40     1   2  2  

Penalty Kill 4 Players Defense
   Defense                  Defense                  Time % Phy DF OF 
 1 Brett Lebda              Luke Witkowski           60     1   2  2  
 2 Jake McCabe              Nick Mattson             40     1   2  2  

Penalty Kill - 3 Players Forward 
   Forward                                           Time % Phy DF OF 
 1 Carson Mcmillan                                   60     1   2  2  
 2 Mason Raymond                                     40     1   2  2  

Penalty Kill - 3 Players Defense
   Defense                  Defense                  Time % Phy DF OF 
 1 Brett Lebda              Luke Witkowski           60     1   2  2  
 2 Jake McCabe              Nick Mattson             40     1   2  2  

4 vs 4 Forward 
   Center                   Wing                     Time % Phy DF OF 
 1 Carson Mcmillan          Mason Raymond            60     1   2  2  
 2 Nikita Kucherov          Zac Rinaldo              40     1   2  2  

4 vs 4 Defense
   Defense                  Defense                  Time % Phy DF OF 
 1 Brett Lebda              Luke Witkowski           60     1   2  2  
 2 Jake McCabe              Nick Mattson             40     1   2  2  

Last Minutes Offensive
   Center                   Left Wing                Right Wing               Defense                  Defense                  
   Zac Rinaldo              Mason Raymond            Carson Mcmillan          Brett Lebda              Luke Witkowski           

Last Minutes Defensive
   Center                   Left Wing                Right Wing               Defense                  Defense                  
   Zac Rinaldo              Mason Raymond            Carson Mcmillan          Brett Lebda              Luke Witkowski           

Goaltenders
Starting : Martin Jones             
Backup : Mike Smith               

Extra Forwards
Normal : Rhett Rakhshani, Craig Cunningham, Teemu Pulkkinen - PP : Rhett Rakhshani, Craig Cunningham - PK : Teemu Pulkkinen
Extra Defensemen
Normal : Patrick Sieloff, Calle Andersson, Nicholas Walters - PP : Patrick Sieloff - PK : Calle Andersson, Nicholas Walters
Penalty Shots
Carson Mcmillan, Mason Raymond, Nikita Kucherov, Zac Rinaldo, Carl Hagelin

Scratches
Garret Sparks (Healthy)

Gangsters

5 vs 5 Forward 
   Center                   Left Wing                Right Wing               Time % Phy DF OF 
 1 Artem Anisimov           Chris Bourque            Richard Panik            40     1   2  2  
 2 Maxime Sauvé             Dave Dziurzynski         Devante Smith-Pelly      30     1   2  2  
 3 Tomas Hertl              Magnus Paajarvi-Svensson Stefan Noesen            20     1   2  2  
 4 Seth Griffith            Brendan Woods            Sebastian Collberg       10     1   2  2  

5 vs 5 Defense 
   Defense                  Defense                                           Time % Phy DF OF 
 1 Colten Teubert           Patrik Nemeth                                     40     1   2  2  
 2 Michael Sdao             Morgan Ellis                                      30     1   2  2  
 3 Jonas Brodin             Derrick Pouliot                                   20     1   2  2  
 4 Colten Teubert           Patrik Nemeth                                     10     1   2  2  

PowerPlay Forward 
   Center                   Left Wing                Right Wing               Time % Phy DF OF 
 1 Artem Anisimov           Chris Bourque            Richard Panik            60     1   2  2  
 2 Maxime Sauvé             Dave Dziurzynski         Devante Smith-Pelly      40     1   2  2  

PowerPlay Defense
   Defense                  Defense                                           Time % Phy DF OF 
 1 Colten Teubert           Patrik Nemeth                                     60     1   2  2  
 2 Michael Sdao             Morgan Ellis                                      40     1   2  2  

Penalty Kill 4 Players Forward 
   Center                   Wing                     Time % Phy DF OF 
 1 Artem Anisimov           Chris Bourque            60     1   2  2  
 2 Maxime Sauvé             Richard Panik            40     1   2  2  

Penalty Kill 4 Players Defense
   Defense                  Defense                  Time % Phy DF OF 
 1 Colten Teubert           Patrik Nemeth            60     1   2  2  
 2 Michael Sdao             Morgan Ellis             40     1   2  2  

Penalty Kill - 3 Players Forward 
   Forward                                           Time % Phy DF OF 
 1 Artem Anisimov                                    60     1   2  2  
 2 Chris Bourque                                     40     1   2  2  

Penalty Kill - 3 Players Defense
   Defense                  Defense                  Time % Phy DF OF 
 1 Colten Teubert           Patrik Nemeth            60     1   2  2  
 2 Michael Sdao             Morgan Ellis             40     1   2  2  

4 vs 4 Forward 
   Center                   Wing                     Time % Phy DF OF 
 1 Artem Anisimov           Chris Bourque            60     1   2  2  
 2 Maxime Sauvé             Richard Panik            40     1   2  2  

4 vs 4 Defense
   Defense                  Defense                  Time % Phy DF OF 
 1 Colten Teubert           Patrik Nemeth            60     1   2  2  
 2 Michael Sdao             Morgan Ellis             40     1   2  2  

Last Minutes Offensive
   Center                   Left Wing                Right Wing               Defense                  Defense                  
   Artem Anisimov           Chris Bourque            Richard Panik            Colten Teubert           Patrik Nemeth            

Last Minutes Defensive
   Center                   Left Wing                Right Wing               Defense                  Defense                  
   Artem Anisimov           Chris Bourque            Richard Panik            Colten Teubert           Patrik Nemeth            

Goaltenders
Starting : Dustin Tokarski          
Backup : Mike Condon              

Extra Forwards
Normal : Tomas Hertl, Magnus Paajarvi-Svensson, Brendan Woods - PP : Tomas Hertl, Magnus Paajarvi-Svensson - PK : Brendan Woods
Extra Defensemen
Normal : Jonas Brodin, Derrick Pouliot, Michael Sdao - PP : Jonas Brodin - PK : Derrick Pouliot, Michael Sdao
Penalty Shots
Artem Anisimov, Chris Bourque, Maxime Sauvé, Richard Panik, Tomas Hertl

Scratches
Bryan Young (Healthy), Kevin Roy (Healthy), Brett Ponich (Healthy), Ryan Culkin (Healthy), Phillip Danault (Healthy)
Austen Brassard (Healthy), Gustav Nyquist (Healthy), Matt Delahey (Healthy), Jordan Binnington (Healthy)

% Time on Ice - Saguenéens

Lines # - Real PCT - Wanted PCT - Time Play
Normal Forward
1 - 34% - 40% - 15:54
2 - 29% - 30% - 13:37
3 - 21% - 20% - 9:53
4 - 16% - 10% - 7:18
Normal Defense
1 - 35% - 40% - 16:33
2 - 35% - 30% - 16:29
3 - 22% - 20% - 10:06
4 - 8% - 10% - 3:34
PP Forward
1 - 50% - 60% - 3:42
2 - 50% - 40% - 3:39
PP Defense
1 - 59% - 60% - 4:19
2 - 41% - 40% - 3:02
PK Forward
1 - 76% - 60% - 3:37
2 - 24% - 40% - 1:10
PK Defense
1 - 61% - 60% - 2:54
2 - 39% - 40% - 1:53
PK3 Forward
1 - 0% - 60%
2 - 0% - 40%
PK3 Defense
1 - 0% - 60%
2 - 0% - 40%
44 Forward
1 - 66% - 60% - 0:46
2 - 34% - 40% - 0:24
44 Defense
1 - 41% - 60% - 0:29
2 - 59% - 40% - 0:41
Last Minute Offensive  - 0:00
Last Minute Defensive  - 0:00
Total
Forward - 60:00
Defense - 60:00

% Time on Ice - Gangsters

Lines # - Real PCT - Wanted PCT - Time Play
Normal Forward
1 - 34% - 40% - 15:58
2 - 27% - 30% - 12:39
3 - 24% - 20% - 11:02
4 - 15% - 10% - 7:03
Normal Defense
1 - 41% - 40% - 19:07
2 - 32% - 30% - 15:01
3 - 24% - 20% - 11:23
4 - 3% - 10% - 1:11
PP Forward
1 - 55% - 60% - 2:37
2 - 45% - 40% - 2:10
PP Defense
1 - 67% - 60% - 3:11
2 - 33% - 40% - 1:36
PK Forward
1 - 72% - 60% - 5:16
2 - 28% - 40% - 2:05
PK Defense
1 - 59% - 60% - 4:18
2 - 41% - 40% - 3:03
PK3 Forward
1 - 0% - 60%
2 - 0% - 40%
PK3 Defense
1 - 0% - 60%
2 - 0% - 40%
44 Forward
1 - 91% - 60% - 1:04
2 - 9% - 40% - 0:06
44 Defense
1 - 50% - 60% - 0:35
2 - 50% - 40% - 0:35
Last Minute Offensive  - 0:00
Last Minute Defensive  - 0:00
Total
Forward - 60:00
Defense - 60:00

Play by Play

1st period


0:01 of 1st period - Artem Anisimov wins face-off versus Zac Rinaldo in neutral zone.
0:06 of 1st period - Wrist shot by Chris Bourque.
0:06 of 1st period - Stopped by Martin Jones with a rebound.
0:17 of 1st period - Minor Penalty to Chris Bourque for Interference.
0:18 of 1st period - Artem Anisimov wins face-off versus Zac Rinaldo in Gangsters zone.
1:37 of 1st period - Luke Witkowski is hit by Richard Panik and loses puck.
2:00 of 1st period - Wrist shot by Tomas Hertl.
2:00 of 1st period - Stopped by Martin Jones with a rebound.
2:17 of 1st period - Penalty to Chris Bourque is over, Chris Bourque is back on ice.
2:39 of 1st period - Wrist shot by Chris Bourque.
2:39 of 1st period - Shot Blocked by Jake McCabe.
3:56 of 1st period - Luke Witkowski is hit by Magnus Paajarvi-Svensson and loses puck.
4:01 of 1st period - Snap shot by Artem Anisimov.
4:01 of 1st period - Stopped by Martin Jones with a rebound.
4:03 of 1st period - Snap shot by Artem Anisimov.
4:03 of 1st period - Gangsters goal is going for a video replay.
4:03 of 1st period - The goal is refused. The net was displaced accidentally..
4:04 of 1st period - Maxime Sauvé wins face-off versus Juraj Mikus in Saguenéens zone.
4:15 of 1st period - Snap shot by Devante Smith-Pelly.
4:15 of 1st period - Shot Misses the Net.
4:17 of 1st period - Snap shot by Morgan Ellis.
4:17 of 1st period - Stopped by Martin Jones without a rebound.
4:18 of 1st period - Zac Rinaldo wins face-off versus Maxime Sauvé in Saguenéens zone.
4:33 of 1st period - Slapshot by Dave Dziurzynski.
4:33 of 1st period - Stopped by Martin Jones with a rebound.
4:43 of 1st period - Brendan Woods is hit by Brett Lebda and loses puck.
4:52 of 1st period - Snap shot by Carl Hagelin.
4:52 of 1st period - Shot Blocked by Morgan Ellis.
4:54 of 1st period - Slapshot by Juraj Mikus.
4:54 of 1st period - Goal by Juraj Mikus - Saguenéens : 1 - Gangsters : 0.
4:55 of 1st period - Dave Dziurzynski wins face-off versus Zac Rinaldo in neutral zone.
5:08 of 1st period - Slapshot by Carson Mcmillan.
5:08 of 1st period - Deflect By Mason Raymond.
5:08 of 1st period - Shot Blocked by Patrik Nemeth.
5:08 of 1st period - Puck is out of play.
5:09 of 1st period - Maxime Sauvé wins face-off versus Juraj Mikus in Gangsters zone.
5:13 of 1st period - Icing by Devante Smith-Pelly.
5:14 of 1st period - Maxime Sauvé wins face-off versus Juraj Mikus in Gangsters zone.
5:40 of 1st period - Off-side.
5:41 of 1st period - Tomas Hertl wins face-off versus Zac Rinaldo in neutral zone.
5:54 of 1st period - Snap shot by Magnus Paajarvi-Svensson.
5:54 of 1st period - Stopped by Martin Jones without a rebound.
5:55 of 1st period - Maxime Sauvé wins face-off versus Henrik Samuelsson in Saguenéens zone.
5:58 of 1st period - Wrist shot by Dave Dziurzynski.
5:58 of 1st period - Shot Blocked by Brett Lebda.
6:00 of 1st period - Slapshot by Maxime Sauvé.
6:00 of 1st period - Shot Misses the Net.
6:02 of 1st period - Wrist shot by Dave Dziurzynski.
6:02 of 1st period - Stopped by Martin Jones with a rebound.
6:06 of 1st period - Snap shot by Maxime Sauvé.
6:06 of 1st period - Deflect By Dave Dziurzynski.
6:06 of 1st period - Shot Misses the Net.
6:06 of 1st period - Puck is out of play.
6:07 of 1st period - Carson Mcmillan wins face-off versus Tomas Hertl in Saguenéens zone.
6:36 of 1st period - Wrist shot by Maxime Sauvé.
6:36 of 1st period - Stopped by Martin Jones with a rebound.
6:38 of 1st period - Wrist shot by Maxime Sauvé.
6:38 of 1st period - Shot Misses the Net.
6:54 of 1st period - Snap shot by Carl Hagelin.
6:54 of 1st period - Stopped by Dustin Tokarski without a rebound.
6:55 of 1st period - Artem Anisimov wins face-off versus Juraj Mikus in Gangsters zone.
7:11 of 1st period - Slapshot by Chris Bourque.
7:11 of 1st period - Stopped by Martin Jones with a rebound.
7:21 of 1st period - Jonas Brodin is hit by Jake McCabe and loses puck.
7:30 of 1st period - Wrist shot by Magnus Paajarvi-Svensson.
7:30 of 1st period - Stopped by Martin Jones with a rebound.
8:00 of 1st period - Jerry D'Amigo is hit by Brendan Woods and loses puck.
8:18 of 1st period - Icing by Luke Witkowski.
8:19 of 1st period - Mikhail Grigorenko wins face-off versus Artem Anisimov in Saguenéens zone.
8:50 of 1st period - Minor Penalty to Patrick Sieloff for Roughing.
8:51 of 1st period - Artem Anisimov wins face-off versus Carson Mcmillan in Saguenéens zone.
9:05 of 1st period - Snap shot by Artem Anisimov.
9:05 of 1st period - Shot Misses the Net.
9:07 of 1st period - Backhand shot by Patrik Nemeth.
9:07 of 1st period - Shot Misses the Net.
9:39 of 1st period - Minor Penalty to Chris Bourque for High sticking.
9:40 of 1st period - Carson Mcmillan wins face-off versus Artem Anisimov in Gangsters zone.
10:50 of 1st period - Penalty to Patrick Sieloff is over, Patrick Sieloff is back on ice.
11:15 of 1st period - Off-side.
11:16 of 1st period - Juraj Mikus wins face-off versus Tomas Hertl in neutral zone.
11:39 of 1st period - Penalty to Chris Bourque is over, Chris Bourque is back on ice.
11:55 of 1st period - Snap shot by Rhett Rakhshani.
11:55 of 1st period - Shot Blocked by Artem Anisimov.
12:58 of 1st period - Slapshot by Brett Lebda.
12:58 of 1st period - Shot Misses the Net.
13:12 of 1st period - Magnus Paajarvi-Svensson is hit by Carl Hagelin and loses puck.
13:56 of 1st period - Luke Witkowski is hit by Artem Anisimov and loses puck.
14:10 of 1st period - Morgan Ellis is hit by Nikita Kucherov and loses puck.
14:49 of 1st period - Zac Rinaldo is hit by Dave Dziurzynski and loses puck.
15:06 of 1st period - Patrick Sieloff is hit by Chris Bourque and loses puck.
16:17 of 1st period - Derrick Pouliot is hit by Nikita Kucherov and loses puck.
17:04 of 1st period - Snap shot by Patrik Nemeth.
17:04 of 1st period - Stopped by Martin Jones with a rebound.
17:40 of 1st period - Snap shot by Richard Panik.
17:40 of 1st period - Stopped by Martin Jones without a rebound.
17:41 of 1st period - Zac Rinaldo wins face-off versus Tomas Hertl in Saguenéens zone.
18:28 of 1st period - Wrist shot by Brendan Woods.
18:28 of 1st period - Shot Blocked by Juraj Mikus.
18:30 of 1st period - Slapshot by Morgan Ellis.
18:30 of 1st period - Shot Blocked by Patrick Sieloff.
18:32 of 1st period - Slapshot by Morgan Ellis.
18:32 of 1st period - Shot Blocked by Patrick Sieloff.
18:56 of 1st period - Slapshot by Craig Cunningham.
18:56 of 1st period - Shot Misses the Net.
19:06 of 1st period - Icing by Henrik Samuelsson.
19:07 of 1st period - Artem Anisimov wins face-off versus Henrik Samuelsson in Saguenéens zone.
19:34 of 1st period - Carson Mcmillan is hit by Colten Teubert and loses puck.
19:41 of 1st period - Snap shot by Tomas Hertl.
19:41 of 1st period - Shot Blocked by Calle Andersson.
19:43 of 1st period - Snap shot by Tomas Hertl.
19:43 of 1st period - Stopped by Martin Jones without a rebound.
19:44 of 1st period - Maxime Sauvé wins face-off versus Juraj Mikus in Saguenéens zone.
19:47 of 1st period - Snap shot by Devante Smith-Pelly.
19:47 of 1st period - Stopped by Martin Jones without a rebound.
19:48 of 1st period - Juraj Mikus wins face-off versus Maxime Sauvé in Saguenéens zone.
Goals for this period are 1 for Saguenéens vs 0 for Gangsters.
Shots for this period are 2 for Saguenéens vs 15 for Gangsters.

2nd period


0:01 of 2nd period - Artem Anisimov wins face-off versus Zac Rinaldo in neutral zone.
0:01 of 2nd period - Artem Anisimov is hit by Carson Mcmillan.
0:13 of 2nd period - Wrist shot by Mason Raymond.
0:13 of 2nd period - Stopped by Dustin Tokarski with a rebound.
0:15 of 2nd period - Slapshot by Luke Witkowski.
0:15 of 2nd period - Shot Misses the Net.
0:21 of 2nd period - Minor Penalty to Artem Anisimov for Hooking.
0:22 of 2nd period - Brendan Woods wins face-off versus Zac Rinaldo in Gangsters zone.
0:22 of 2nd period - Brendan Woods is hit by Zac Rinaldo.
0:56 of 2nd period - Snap shot by Carl Hagelin.
0:56 of 2nd period - Goal by Carl Hagelin - Saguenéens : 2 - Gangsters : 0.
0:57 of 2nd period - Maxime Sauvé wins face-off versus Carson Mcmillan in neutral zone.
1:02 of 2nd period - Snap shot by Devante Smith-Pelly.
1:02 of 2nd period - Stopped by Martin Jones without a rebound.
1:03 of 2nd period - Maxime Sauvé wins face-off versus Zac Rinaldo in Saguenéens zone.
1:15 of 2nd period - Icing by Patrik Nemeth.
1:16 of 2nd period - Maxime Sauvé wins face-off versus Zac Rinaldo in Gangsters zone.
1:25 of 2nd period - Wrist shot by Devante Smith-Pelly.
1:25 of 2nd period - Stopped by Martin Jones without a rebound.
1:26 of 2nd period - Artem Anisimov wins face-off versus Zac Rinaldo in Saguenéens zone.
1:27 of 2nd period - Wrist shot by Chris Bourque.
1:27 of 2nd period - Stopped by Martin Jones with a rebound.
1:29 of 2nd period - Slapshot by Colten Teubert.
1:29 of 2nd period - Deflect By Chris Bourque.
1:29 of 2nd period - Shot Blocked by Mason Raymond.
1:29 of 2nd period - Puck is out of play.
1:30 of 2nd period - Zac Rinaldo wins face-off versus Artem Anisimov in Saguenéens zone.
1:30 of 2nd period - Zac Rinaldo is hit by Artem Anisimov.
1:46 of 2nd period - Snap shot by Carson Mcmillan.
1:46 of 2nd period - Stopped by Dustin Tokarski with a rebound.
2:03 of 2nd period - Off-side.
2:04 of 2nd period - Maxime Sauvé wins face-off versus Juraj Mikus in neutral zone.
2:17 of 2nd period - Michael Sdao is hit by Carl Hagelin and loses puck.
2:30 of 2nd period - Carson Mcmillan is hit by Michael Sdao and loses puck.
2:57 of 2nd period - Snap shot by Rhett Rakhshani.
2:57 of 2nd period - Shot Blocked by Colten Teubert.
2:59 of 2nd period - Snap shot by Rhett Rakhshani.
2:59 of 2nd period - Stopped by Dustin Tokarski with a rebound.
3:01 of 2nd period - Backhand shot by Calle Andersson.
3:01 of 2nd period - Deflect By Henrik Samuelsson.
3:01 of 2nd period - Stopped by Dustin Tokarski without a rebound.
3:02 of 2nd period - Juraj Mikus wins face-off versus Chris Bourque in Gangsters zone.
3:15 of 2nd period - Backhand shot by Carl Hagelin.
3:15 of 2nd period - Stopped by Dustin Tokarski without a rebound.
3:16 of 2nd period - Zac Rinaldo wins face-off versus Artem Anisimov in Gangsters zone.
3:21 of 2nd period - Snap shot by Zac Rinaldo.
3:21 of 2nd period - Goal by Zac Rinaldo - Saguenéens : 3 - Gangsters : 0.
3:22 of 2nd period - Artem Anisimov wins face-off versus Zac Rinaldo in neutral zone.
3:35 of 2nd period - Slapshot by Chris Bourque.
3:35 of 2nd period - Goal by Chris Bourque - Saguenéens : 3 - Gangsters : 1.
3:36 of 2nd period - Artem Anisimov wins face-off versus Zac Rinaldo in neutral zone.
3:41 of 2nd period - Wrist shot by Patrik Nemeth.
3:41 of 2nd period - Shot Misses the Net.
4:05 of 2nd period - Snap shot by Patrik Nemeth.
4:05 of 2nd period - Deflect By Chris Bourque.
4:05 of 2nd period - Shot Misses the Net.
4:05 of 2nd period - Puck is out of play.
4:06 of 2nd period - Maxime Sauvé wins face-off versus Henrik Samuelsson in Saguenéens zone.
4:19 of 2nd period - Slapshot by Dave Dziurzynski.
4:19 of 2nd period - Stopped by Martin Jones with a rebound.
4:21 of 2nd period - Wrist shot by Dave Dziurzynski.
4:21 of 2nd period - Stopped by Martin Jones with a rebound.
4:31 of 2nd period - Craig Cunningham is hit by Brendan Woods and loses puck.
5:22 of 2nd period - Wrist shot by Zac Rinaldo.
5:22 of 2nd period - Shot Misses the Net.
5:40 of 2nd period - Snap shot by Carl Hagelin.
5:40 of 2nd period - Stopped by Dustin Tokarski with a rebound.
5:44 of 2nd period - Slapshot by Nikita Kucherov.
5:44 of 2nd period - Goal by Nikita Kucherov - Saguenéens : 4 - Gangsters : 1.
5:44 of 2nd period - Mike Condon enters game.
5:45 of 2nd period - Carson Mcmillan wins face-off versus Artem Anisimov in neutral zone.
6:12 of 2nd period - Juraj Mikus is hit by Patrik Nemeth and loses puck.
6:27 of 2nd period - Minor Penalty to Nikita Kucherov for Boarding.
6:28 of 2nd period - Artem Anisimov wins face-off versus Carson Mcmillan in Saguenéens zone.
6:29 of 2nd period - Snap shot by Chris Bourque.
6:29 of 2nd period - Deflect By Richard Panik.
6:29 of 2nd period - Stopped by Martin Jones without a rebound.
6:30 of 2nd period - Carson Mcmillan wins face-off versus Artem Anisimov in Saguenéens zone.
6:43 of 2nd period - Slapshot by Chris Bourque.
6:43 of 2nd period - Stopped by Martin Jones without a rebound.
6:44 of 2nd period - Artem Anisimov wins face-off versus Carson Mcmillan in Saguenéens zone.
6:45 of 2nd period - Snap shot by Chris Bourque.
6:45 of 2nd period - Stopped by Martin Jones with a rebound.
6:47 of 2nd period - Backhand shot by Patrik Nemeth.
6:47 of 2nd period - Shot Misses the Net.
6:49 of 2nd period - Slapshot by Colten Teubert.
6:49 of 2nd period - Stopped by Martin Jones with a rebound.
7:14 of 2nd period - Off-side.
7:15 of 2nd period - Maxime Sauvé wins face-off versus Carson Mcmillan in neutral zone.
7:38 of 2nd period - Nick Mattson is hit by Chris Bourque and loses puck.
7:45 of 2nd period - Wrist shot by Richard Panik.
7:45 of 2nd period - Shot Misses the Net.
7:47 of 2nd period - Backhand shot by Chris Bourque.
7:47 of 2nd period - Shot Misses the Net.
8:27 of 2nd period - Penalty to Nikita Kucherov is over, Nikita Kucherov is back on ice.
8:38 of 2nd period - Minor Penalty to Stefan Noesen for Holding.
8:39 of 2nd period - Artem Anisimov wins face-off versus Juraj Mikus in Gangsters zone.
9:05 of 2nd period - Carson Mcmillan is hit by Richard Panik and loses puck.
10:28 of 2nd period - Zac Rinaldo is hit by Chris Bourque and loses puck.
10:38 of 2nd period - Penalty to Stefan Noesen is over, Stefan Noesen is back on ice.
11:00 of 2nd period - Minor Penalty to Calle Andersson for Slashing.
11:01 of 2nd period - Carson Mcmillan wins face-off versus Dave Dziurzynski in Saguenéens zone.
11:33 of 2nd period - Jake McCabe is hit by Chris Bourque and loses puck.
11:56 of 2nd period - Luke Witkowski is hit by Devante Smith-Pelly and loses puck.
12:14 of 2nd period - Icing by Chris Bourque.
12:15 of 2nd period - Artem Anisimov wins face-off versus Teemu Pulkkinen in Gangsters zone.
12:20 of 2nd period - Snap shot by Teemu Pulkkinen.
12:20 of 2nd period - Shot Blocked by Colten Teubert.
13:00 of 2nd period - Penalty to Calle Andersson is over, Calle Andersson is back on ice.
14:04 of 2nd period - Maxime Sauvé is hit by Nick Mattson and loses puck.
15:43 of 2nd period - Wrist shot by Nikita Kucherov.
15:43 of 2nd period - Shot Blocked by Michael Sdao.
15:45 of 2nd period - Snap shot by Carl Hagelin.
15:45 of 2nd period - Shot Blocked by Michael Sdao.
16:29 of 2nd period - Jonas Brodin is hit by Zac Rinaldo and loses puck.
16:46 of 2nd period - Juraj Mikus is hit by Devante Smith-Pelly and loses puck.
17:03 of 2nd period - Icing by Patrik Nemeth.
17:04 of 2nd period - Maxime Sauvé wins face-off versus Mikhail Grigorenko in Gangsters zone.
17:17 of 2nd period - Slapshot by Brett Lebda.
17:17 of 2nd period - Shot Blocked by Patrik Nemeth.
17:19 of 2nd period - Snap shot by Teemu Pulkkinen.
17:19 of 2nd period - Shot Blocked by Patrik Nemeth.
17:35 of 2nd period - Off-side.
17:36 of 2nd period - Magnus Paajarvi-Svensson wins face-off versus Zac Rinaldo in neutral zone.
17:47 of 2nd period - Slapshot by Tomas Hertl.
17:47 of 2nd period - Shot Misses the Net.
18:20 of 2nd period - Snap shot by Magnus Paajarvi-Svensson.
18:20 of 2nd period - Shot Misses the Net.
18:29 of 2nd period - Minor Penalty to Stefan Noesen for Holding.
18:30 of 2nd period - Artem Anisimov wins face-off versus Juraj Mikus in Gangsters zone.
Goals for this period are 3 for Saguenéens vs 1 for Gangsters.
Shots for this period are 9 for Saguenéens vs 10 for Gangsters.

3rd period


0:01 of 3rd period - Artem Anisimov wins face-off versus Zac Rinaldo in neutral zone.
0:11 of 3rd period - Backhand shot by Luke Witkowski.
0:11 of 3rd period - Shot Misses the Net.
0:13 of 3rd period - Snap shot by Brett Lebda.
0:13 of 3rd period - Shot Blocked by Chris Bourque.
0:15 of 3rd period - Snap shot by Brett Lebda.
0:15 of 3rd period - Deflect By Mason Raymond.
0:15 of 3rd period - Stopped by Mike Condon with a rebound.
0:29 of 3rd period - Penalty to Stefan Noesen is over, Stefan Noesen is back on ice.
0:29 of 3rd period - Richard Panik is hit by Nikita Kucherov and loses puck.
0:34 of 3rd period - Wrist shot by Juraj Mikus.
0:34 of 3rd period - Deflect By Maxime Sauvé.
0:34 of 3rd period - Shot Blocked by Richard Panik.
0:34 of 3rd period - Puck is out of play.
0:35 of 3rd period - Maxime Sauvé wins face-off versus Zac Rinaldo in Gangsters zone.
1:53 of 3rd period - Snap shot by Mason Raymond.
1:53 of 3rd period - Shot Blocked by Sebastian Collberg.
1:55 of 3rd period - Slapshot by Jake McCabe.
1:55 of 3rd period - Shot Misses the Net.
2:47 of 3rd period - Wrist shot by Tomas Hertl.
2:47 of 3rd period - Deflect By Magnus Paajarvi-Svensson.
2:47 of 3rd period - Shot Misses the Net.
2:47 of 3rd period - Puck is out of play.
2:48 of 3rd period - Tomas Hertl wins face-off versus Zac Rinaldo in Saguenéens zone.
2:51 of 3rd period - Snap shot by Tomas Hertl.
2:51 of 3rd period - Shot Misses the Net.
2:53 of 3rd period - Snap shot by Tomas Hertl.
2:53 of 3rd period - Shot Misses the Net.
2:55 of 3rd period - Wrist shot by Colten Teubert.
2:55 of 3rd period - Stopped by Martin Jones without a rebound.
2:56 of 3rd period - Carson Mcmillan wins face-off versus Artem Anisimov in Saguenéens zone.
3:07 of 3rd period - Zac Rinaldo is hit by Colten Teubert and loses puck.
3:40 of 3rd period - Wrist shot by Luke Witkowski.
3:40 of 3rd period - Shot Blocked by Colten Teubert.
3:42 of 3rd period - Slapshot by Craig Cunningham.
3:42 of 3rd period - Shot Blocked by Stefan Noesen.
3:44 of 3rd period - Wrist shot by Rhett Rakhshani.
3:44 of 3rd period - Shot Misses the Net.
3:46 of 3rd period - Snap shot by Luke Witkowski.
3:46 of 3rd period - Deflect By Magnus Paajarvi-Svensson.
3:46 of 3rd period - Stopped by Mike Condon with a rebound.
3:48 of 3rd period - Snap shot by Henrik Samuelsson.
3:48 of 3rd period - Stopped by Mike Condon with a rebound.
3:50 of 3rd period - Wrist shot by Henrik Samuelsson.
3:50 of 3rd period - Shot Misses the Net.
3:57 of 3rd period - Icing by Colten Teubert.
3:58 of 3rd period - Mikhail Grigorenko wins face-off versus Seth Griffith in Gangsters zone.
3:59 of 3rd period - Slapshot by Jerry D'Amigo.
3:59 of 3rd period - Shot Misses the Net.
4:01 of 3rd period - Slapshot by Jake McCabe.
4:01 of 3rd period - Stopped by Mike Condon with a rebound.
4:03 of 3rd period - Snap shot by Nick Mattson.
4:03 of 3rd period - Stopped by Mike Condon with a rebound.
4:05 of 3rd period - Wrist shot by Mikhail Grigorenko.
4:05 of 3rd period - Stopped by Mike Condon with a rebound.
4:33 of 3rd period - Snap shot by Zac Rinaldo.
4:33 of 3rd period - Shot Misses the Net.
4:45 of 3rd period - Wrist shot by Nikita Kucherov.
4:45 of 3rd period - Goal by Nikita Kucherov - Saguenéens : 5 - Gangsters : 1.
4:46 of 3rd period - Artem Anisimov wins face-off versus Zac Rinaldo in neutral zone.
4:46 of 3rd period - Chris Bourque is hit by Zac Rinaldo and loses puck.
4:56 of 3rd period - Wrist shot by Mason Raymond.
4:56 of 3rd period - Shot Misses the Net.
4:58 of 3rd period - Wrist shot by Carson Mcmillan.
4:58 of 3rd period - Shot Misses the Net.
5:00 of 3rd period - Wrist shot by Mason Raymond.
5:00 of 3rd period - Goal by Mason Raymond - Saguenéens : 6 - Gangsters : 1.
5:01 of 3rd period - Artem Anisimov wins face-off versus Zac Rinaldo in neutral zone.
5:49 of 3rd period - Tomas Hertl is hit by Brett Lebda and loses puck.
5:54 of 3rd period - Wrist shot by Rhett Rakhshani.
5:54 of 3rd period - Deflect By Henrik Samuelsson.
5:54 of 3rd period - Stopped by Mike Condon with a rebound.
5:56 of 3rd period - Slapshot by Luke Witkowski.
5:56 of 3rd period - Shot Blocked by Colten Teubert.
5:58 of 3rd period - Backhand shot by Brett Lebda.
5:58 of 3rd period - Deflect By Rhett Rakhshani.
5:58 of 3rd period - Shot Blocked by Magnus Paajarvi-Svensson.
5:58 of 3rd period - Puck is out of play.
5:59 of 3rd period - Artem Anisimov wins face-off versus Carson Mcmillan in Gangsters zone.
7:17 of 3rd period - Snap shot by Maxime Sauvé.
7:17 of 3rd period - Stopped by Martin Jones with a rebound.
7:19 of 3rd period - Snap shot by Maxime Sauvé.
7:19 of 3rd period - Stopped by Martin Jones without a rebound.
7:20 of 3rd period - Artem Anisimov wins face-off versus Zac Rinaldo in Saguenéens zone.
8:07 of 3rd period - Wrist shot by Brendan Woods.
8:07 of 3rd period - Shot Hit the Post.
8:09 of 3rd period - Wrist shot by Sebastian Collberg.
8:09 of 3rd period - Stopped by Martin Jones with a rebound.
8:11 of 3rd period - Slapshot by Derrick Pouliot.
8:11 of 3rd period - Shot Misses the Net.
8:13 of 3rd period - Wrist shot by Brendan Woods.
8:13 of 3rd period - Stopped by Martin Jones with a rebound.
8:15 of 3rd period - Snap shot by Brendan Woods.
8:15 of 3rd period - Stopped by Martin Jones with a rebound.
8:17 of 3rd period - Wrist shot by Seth Griffith.
8:17 of 3rd period - Stopped by Martin Jones without a rebound.
8:18 of 3rd period - Zac Rinaldo wins face-off versus Artem Anisimov in Saguenéens zone.
8:18 of 3rd period - Zac Rinaldo is hit by Michael Sdao.
8:23 of 3rd period - Off-side.
8:24 of 3rd period - Zac Rinaldo wins face-off versus Artem Anisimov in neutral zone.
8:39 of 3rd period - Snap shot by Zac Rinaldo.
8:39 of 3rd period - Stopped by Mike Condon with a rebound.
9:11 of 3rd period - Slapshot by Luke Witkowski.
9:11 of 3rd period - Stopped by Mike Condon without a rebound.
9:12 of 3rd period - Tomas Hertl wins face-off versus Henrik Samuelsson in Gangsters zone.
9:12 of 3rd period - Tomas Hertl is hit by Nick Mattson.
9:28 of 3rd period - Wrist shot by Tomas Hertl.
9:28 of 3rd period - Shot Blocked by Nick Mattson.
10:19 of 3rd period - Morgan Ellis is hit by Jerry D'Amigo and loses puck.
12:04 of 3rd period - Slapshot by Artem Anisimov.
12:04 of 3rd period - Stopped by Martin Jones with a rebound.
12:06 of 3rd period - Wrist shot by Artem Anisimov.
12:06 of 3rd period - Stopped by Martin Jones with a rebound.
12:08 of 3rd period - Snap shot by Artem Anisimov.
12:08 of 3rd period - Stopped by Martin Jones with a rebound.
14:20 of 3rd period - Chris Bourque is hit by Carson Mcmillan.
14:24 of 3rd period - Snap shot by Zac Rinaldo.
14:24 of 3rd period - Shot Blocked by Artem Anisimov.
14:26 of 3rd period - Wrist shot by Carson Mcmillan.
14:26 of 3rd period - Shot Misses the Net.
14:40 of 3rd period - Colten Teubert is hit by Brett Lebda and loses puck.
14:49 of 3rd period - Snap shot by Carl Hagelin.
14:49 of 3rd period - Shot Blocked by Artem Anisimov.
15:09 of 3rd period - Dave Dziurzynski is hit by Craig Cunningham and loses puck.
15:20 of 3rd period - Nick Mattson is hit by Tomas Hertl and loses puck.
15:27 of 3rd period - Wrist shot by Magnus Paajarvi-Svensson.
15:27 of 3rd period - Stopped by Martin Jones without a rebound.
15:28 of 3rd period - Juraj Mikus wins face-off versus Tomas Hertl in Saguenéens zone.
15:45 of 3rd period - Carl Hagelin is hit by Magnus Paajarvi-Svensson and loses puck.
16:05 of 3rd period - Wrist shot by Tomas Hertl.
16:05 of 3rd period - Stopped by Martin Jones without a rebound.
16:06 of 3rd period - Zac Rinaldo wins face-off versus Artem Anisimov in Saguenéens zone.
16:08 of 3rd period - Icing by Brett Lebda.
16:09 of 3rd period - Zac Rinaldo wins face-off versus Artem Anisimov in Saguenéens zone.
16:09 of 3rd period - Zac Rinaldo is hit by Colten Teubert.
16:25 of 3rd period - Wrist shot by Luke Witkowski.
16:25 of 3rd period - Deflect By Carson Mcmillan.
16:25 of 3rd period - Shot Blocked by Artem Anisimov.
16:25 of 3rd period - Puck is out of play.
16:26 of 3rd period - Juraj Mikus wins face-off versus Maxime Sauvé in Gangsters zone.
17:22 of 3rd period - Wrist shot by Seth Griffith.
17:22 of 3rd period - Shot Misses the Net.
17:34 of 3rd period - Slapshot by Nikita Kucherov.
17:34 of 3rd period - Stopped by Mike Condon with a rebound.
17:36 of 3rd period - Snap shot by Luke Witkowski.
17:36 of 3rd period - Shot Misses the Net.
17:38 of 3rd period - Slapshot by Luke Witkowski.
17:38 of 3rd period - Stopped by Mike Condon without a rebound.
17:39 of 3rd period - Artem Anisimov wins face-off versus Zac Rinaldo in Gangsters zone.
17:39 of 3rd period - Artem Anisimov is hit by Carson Mcmillan.
17:45 of 3rd period - Chris Bourque is hit by Mason Raymond and loses puck.
17:52 of 3rd period - Backhand shot by Mason Raymond.
17:52 of 3rd period - Shot Misses the Net.
17:54 of 3rd period - Snap shot by Nick Mattson.
17:54 of 3rd period - Stopped by Mike Condon without a rebound.
17:55 of 3rd period - Maxime Sauvé wins face-off versus Henrik Samuelsson in Gangsters zone.
18:31 of 3rd period - Snap shot by Artem Anisimov.
18:31 of 3rd period - Stopped by Martin Jones with a rebound.
19:17 of 3rd period - Slapshot by Jonas Brodin.
19:17 of 3rd period - Shot Blocked by Henrik Samuelsson.
19:29 of 3rd period - Maxime Sauvé is hit by Juraj Mikus and loses puck.
Goals for this period are 2 for Saguenéens vs 0 for Gangsters.
Shots for this period are 14 for Saguenéens vs 13 for Gangsters.